 Dungeon Crawl Stone Soup version 0.30-a0-162-g2ba88f6271 (webtiles) character file.

Game seed: 1405739767746967798

7368 Aibolit the Fighter (level 11, -2/104 HPs)
             Began as a Hill Orc Fighter on Sept 28, 2022.
             Was a Believer of Makhleb.
             Succumbed to Sonja's curare-tipped dart
             ... on level 9 of the Dungeon.
             The game lasted 00:42:22 (11856 turns).

Aibolit the Fighter (Hill Orc Fighter)             Turns: 11856, Time: 00:42:22

Health: -2/104     AC: 26    Str: 29    XL:     11   Next: 14%
Magic:  11/11      EV: 10    Int: 11    God:    Makhleb [**....]
Gold:   463        SH:  6    Dex: 10    Spells: 10/10 levels left

rFire   + . .      SeeInvis +    i - +2 hand axe (flame)
rCold   . . .      Faith    .    c - +0 buckler
rNeg    + . .      Spirit   .    a - +7 Kryia's mail coat {PotionHeal*2 rC+}
rPois   .          Reflect  .    y - +2 helmet
rElec   .          Harm     .    k - +2 cloak
rCorr   .          Rampage  .    q - +2 pair of gloves
Will    .....                    e - +0 pair of boots
Stlth   ..........               D - amulet of the acrobat
HPRegen 0.27/turn                J - +4 ring of slaying
MPRegen 0.12/turn                I - ring "Pukagim" {Fire rN+ Str+5 Int+3 SInv}

@: lethally poisoned (-2 -> -31), about to teleport, slowed, very slow
A: no striking features
a: Renounce Religion, Minor Destruction


You were on level 9 of the Dungeon.
You worshipped Makhleb.
Makhleb was pleased with you.
You visited 2 branches of the dungeon, and saw 10 of its levels.

You collected 487 gold pieces.
You spent 24 gold pieces at shops.

Inventory:

Hand Weapons
 i - a +2 hand axe of flaming (weapon)
 E - a +2 scimitar of draining
 M - a +0 dagger of chaos
Armour
 a - the +7 Kryia's mail coat (worn) {PotionHeal*2 rC+}
   (You found it on level 5 of the Dungeon)

   Potions are twice as effective at healing its wearer.
   rC:        It protects you from cold.
 c - a +0 buckler (worn)
 e - a +0 pair of boots (worn)
 k - a +2 cloak (worn)
 o - an orb of light
 q - a +2 pair of gloves (worn)
 y - a +2 helmet (worn)
Jewellery
 p - a ring of wizardry
 r - a ring of magical power
 C - an amulet of faith
 D - an amulet of the acrobat (around neck)
 F - a ring of willpower
 I - the ring "Pukagim" (right hand) {Fire rN+ Str+5 Int+3 SInv}
   (You found it on level 7 of the Dungeon)

   [ring of fire]

   It enhances your fire magic.
   Str:       It affects your strength (+5).
   Int:       It affects your intelligence (+3).
   rF:        It protects you from fire.
   rC:        It makes you vulnerable to cold.
   rN:        It protects you from negative energy.
   SInv:      It lets you see invisible.
 J - a +4 ring of slaying (left hand)
 K - a +4 ring of protection
Wands
 g - a wand of flame (31)
 A - a wand of polymorph (1)
 N - a wand of mindburst (10)
Scrolls
 h - 2 scrolls of immolation {unknown}
 j - 4 scrolls of blinking
 l - a scroll of torment {unknown}
 n - 3 scrolls of teleportation
 s - 4 scrolls of fear {unknown}
 t - a scroll of brand weapon {unknown}
 u - a scroll of amnesia {unknown}
 v - 4 scrolls of noise
 B - 2 scrolls of summoning {unknown}
 G - a scroll of magic mapping {unknown}
 L - a scroll of poison {unknown}
 Q - a scroll of identify
Potions
 b - 2 potions of lignification
 d - a potion of mutation {unknown}
 f - a potion of cancellation {unknown}
 m - 2 potions of flight
 w - 2 potions of brilliance {unknown}
 x - 2 potions of curing {unknown}
 z - a potion of magic {unknown}
 H - a potion of degeneration {unknown}
 O - a potion of resistance {unknown}
 P - a potion of invisibility {unknown}


   Skills:
 * Level 12.1 Fighting
 + Level 9.6 Axes
 + Level 8.2 Armour
 * Level 11.1 Shields


You had 10 spell levels left.
You didn't know any spells.
Your spell library contained the following spells:

 Spells                   Type           Power      Damage    Failure   Level
 Foxfire                  Conj/Fire      0%         2x1d4     63%         1
 Sandblast                Erth           0%         2d4       63%         1
 Cigotuvi's Dreadful Rot  Necr/Pois/Air  0%         N/A       77%         2
 Passwall                 Tmut/Erth      0%         N/A       77%         2
 Poisonous Vapours        Pois/Air       0%         N/A       77%         2
 Scorch                   Fire           0%         2d5       77%         2
 Frozen Ramparts          Ice            0%         1d1       94%         3
 Inner Flame              Hex/Fire       0%         N/A       94%         3
 Stone Arrow              Conj/Erth      0%         3d7       94%         3
 Tukima's Dance           Hex            0%         N/A       94%         3
 Flame Wave               Conj/Fire      0%         2d4       100%        4
 Ice Form                 Ice/Tmut       0%         N/A       100%        4
 Passage of Golubria      Tloc           0%         N/A       100%        4
 Petrify                  Tmut/Erth      0%         N/A       100%        4
 Sticky Flame             Conj/Fire      0%         2d3       100%        4
 Summon Ice Beast         Ice/Summ       0%         N/A       100%        4
 Metabolic Englaciation   Hex/Ice        0%         N/A       100%        5
 Yara's Violent Unravell  Hex/Tmut       0%         3d3       100%        5
 Statue Form              Tmut/Erth      0%         N/A       100%        6
 Summon Cactus Giant      Summ           0%         N/A       100%        6


Dungeon Overview and Level Annotations

Branches:
Dungeon (9/15)             Temple (0/1) D:6             Orc (1/2) D:9
   Lair: D:8-11

Altars:
Dithmenos
Gozag
Hepliaklqana
Makhleb
Nemelex Xobeh
Vehumet

Shops:
D:2 *[?!   D:9 (

Annotations:
D:8 2 transporters
D:9 Sonja


Message History

You are too injured to fight recklessly!
You are too injured to fight recklessly!
You closely miss Sonja.
You feel sick. Sonja barely misses you. Sonja hits you but does no damage.
You are more poisoned.
Sonja closely misses you.
You slash Sonja! You burn Sonja.
Sonja is moderately wounded.
You feel very sick. Sonja hits you but does no damage.
You are more poisoned.
Sonja hits you but does no damage.
You are more poisoned.
Sonja hits you but does no damage.
You are more poisoned.
You completely miss Sonja.
Sonja is moderately wounded.
You feel very sick. Sonja closely misses you.
Sonja hits you with a +1 short sword of venom.
You are lethally poisoned!
You block Sonja's attack.
You barely miss Sonja.
Sonja is moderately wounded.
* * * LOW HITPOINT WARNING * * *
You feel very sick.
Sonja gestures wildly while chanting.
Sonja blinks!
* * * LOW HITPOINT WARNING * * *
You feel very sick.
* * * LOW HITPOINT WARNING * * *
You feel very sick.
Sonja throws a curare-tipped dart.
The curare-tipped dart hits you.
You are more poisoned.
You have difficulty breathing.
* * * LOW HITPOINT WARNING * * *
You feel yourself slow down.
As you read the scroll of teleportation, it crumbles to dust.
You feel strangely unstable.
You die...

#.........# # .
#.........# .. .
##.........##... .##
#....K∩......... ..
#....)[.......... #
##...[>)..##......##
##..[....## ... ...
#§.......# #. #
#####@.......# #.####
#...........##. ......
#.#.............#...#..
#..###..#............
...#..........##........
#........................
###......................
#..>......#............
##...............#.....


You could see Sonja.

Vanquished Creatures
  Josephine (D:9)
  The ghost of philipeq the Fighter, a novice DsFi (D:7)
  Pikel (D:4)
  Psyche (D:9)
  A hornet (D:9)
  Grinder (D:3)
  Prince Ribbit (D:6)
  Sigmund (D:3)
  5 wraiths (D:9)
  A wyvern (D:9)
  Eustachio (D:4)
  3 steam dragons
  A warg (D:9)
  A water moccasin (D:5)
  3 ice beasts
  3 sky beasts
  2 ogres
  An orc warrior (D:9)
  A centaur (D:8)
  4 phantoms
  A gnoll sergeant (D:6)
  2 kobold brigands (D:8)
  A necrophage (D:8)
  A bullfrog (D:7)
  2 scorpions (D:6)
  A hornet simulacrum (D:7)
  6 killer bees (D:9)
  6 howler monkeys
  A crimson imp (D:3)
  2 hounds
  5 orc priests
  Crazy Yiuf (D:3)
  5 iguanas
  4 orc wizards
  A killer bee simulacrum (D:7)
  8 gnolls (D:6)
  12 adders
  5 white imps
  3 ufetubi
  2 worms
  4 dart slugs
  42 orcs
  5 bats
  7 endoplasms
  5 giant cockroaches
  5 goblins
  5 hobgoblins
  4 jackals (D:4)
  18 kobolds
  2 quokkas (D:1)
  5 ball pythons
  5 frilled lizards
  3 rats
213 creatures vanquished.

Vanquished Creatures (others)
  An orc (D:8)
1 creature vanquished.

Grand Total: 214 creatures vanquished

Notes
Turn   | Place    | Note
-------+----------+-------------------------------------------
     0 | D:1      | Aibolit the Hill Orc Fighter began the quest for the Orb.
     0 | D:1      | Reached XP level 1. HP: 19/19 MP: 1/1
   123 | D:1      | Reached XP level 2. HP: 14/26 MP: 2/2
   336 | D:1      | You fall into a shaft and drop 1 floor!
   420 | D:2      | Found Vaxtiuf's Distillery.
   609 | D:1      | Reached XP level 3. HP: 30/33 MP: 3/3
  1087 | D:1      | Found a faded altar of an unknown god.
  1267 | D:2      | Found Rysyniho's Assorted Antiques.
  1300 | D:2      | Found Noadu's Magic Scroll Shoppe.
  1313 | D:2      | Reached skill level 4 in Fighting
  1322 | D:2      | Bought a scroll of identify for 24 gold pieces
  1332 | D:2      | Found Sutiskyuke's Antique Armour Emporium.
  1452 | D:2      | Reached XP level 4. HP: 38/40 MP: 4/4
  2001 | D:3      | Noticed Grinder
  2020 | D:3      | Paralysed by Grinder for 5 turns
  2028 | D:3      | Killed Grinder
  2029 | D:3      | Reached skill level 5 in Fighting
  2029 | D:3      | Reached XP level 5. HP: 35/48 MP: 5/5
  2029 | D:3      | Reached XP level 6. HP: 41/56 MP: 6/6
  2182 | D:3      | Noticed Sigmund
  2222 | D:3      | Killed Sigmund
  2223 | D:3      | Reached skill level 5 in Axes
  2223 | D:3      | Reached skill level 5 in Shields
  2245 | D:3      | Reached XP level 7. HP: 54/62 MP: 7/7
  2391 | D:3      | Found a burning altar of Makhleb.
  2391 | D:3      | Found a radiant altar of Vehumet.
  2508 | D:3      | Became a worshipper of Makhleb the Destroyer
  2731 | D:3      | Found a faded altar of an unknown god.
  2816 | D:3      | Found a sparkling altar of Nemelex Xobeh.
  3207 | D:3      | Found a runed translucent door.
  3208 | D:3      | Noticed Crazy Yiuf
  3219 | D:3      | Killed Crazy Yiuf
  3521 | D:4      | Reached skill level 6 in Fighting
  3836 | D:4      | Noticed Eustachio
  3913 | D:4      | Killed Eustachio
  3914 | D:4      | Reached skill level 5 in Armour
  4237 | D:4      | Noticed Pikel
  4265 | D:4      | Killed Pikel
  4266 | D:4      | Reached skill level 7 in Fighting
  4266 | D:4      | Reached XP level 8. HP: 52/73 MP: 8/8
  4770 | D:4      | Found a shadowy altar of Dithmenos.
  5353 | D:5      | Entered Level 5 of the Dungeon
  5671 | D:5      | Reached skill level 8 in Fighting
  5745 | D:5      | Found the +7 Kryia's mail coat {PotionHeal*2 rC+}
  6445 | D:5      | Reached XP level 9. HP: 82/82 MP: 9/9
  6760 | D:6      | Reached * piety under Makhleb
  6785 | D:6      | Noticed Prince Ribbit
  6813 | D:6      | Killed Prince Ribbit
  6997 | D:6      | Found a staircase to the Ecumenical Temple.
  7020 | D:6      | Reached skill level 9 in Fighting
  7848 | D:7      | Noticed Maggie
  7850 | D:7      | Maggie changed into Maggie the sky beast
  7850 | D:7      | Noticed Maggie
  7858 | D:7      | Killed Maggie the sky beast
  8215 | D:7      | Noticed philipeq's ghost (novice DsFi)
  8257 | D:7      | Found a runed translucent gate.
  8257 | D:7      | Found a runed translucent gate.
  8257 | D:7      | Found a runed translucent gate.
  8397 | D:7      | Found a hazy altar of Hepliaklqana.
  9202 | D:7      | Killed philipeq's ghost
  9203 | D:7      | Reached skill level 10 in Fighting
  9203 | D:7      | Reached XP level 10. HP: 66/94 MP: 10/10
  9578 | D:7      | Got the ring "Pukagim" {Fire rN+ Str+5 Int+3 SInv}
  9834 | D:8      | Found an opulent altar of Gozag.
  9912 | D:8      | Reached ** piety under Makhleb
  9941 | D:8      | Reached skill level 10 in Shields
 10067 | D:8      | Found a transporter.
 10073 | D:8      | Found a transporter.
 10073 | D:8      | Found a transporter.
 10090 | D:8      | Found a transporter.
 10785 | D:9      | Reached skill level 11 in Fighting
 10862 | D:9      | Noticed Psyche
 10884 | D:9      | Killed Psyche
 11179 | D:9      | Found a staircase to the Orcish Mines.
 11184 | D:9      | Found Idoasoeq's Weapon Shoppe.
 11219 | Orc:1    | Entered Level 1 of the Orcish Mines
 11219 | Orc:1    | Noticed Josephine
 11244 | D:9      | Killed Josephine
 11245 | D:9      | Reached XP level 11. HP: 83/104 MP: 11/11
 11350 | Orc:1    | Noticed Sonja
 11362 | D:9      | Reached skill level 12 in Fighting
 11856 | D:9      | Succumbed to Sonja's curare-tipped dart

Illustrated notes

Levels and vault maps discovered:
D:1:      dpeg_arrival_three_same_balls, layout_basic,
          shapermc_ecumenical_altar_hornbeckon
D:2:      layout_rooms, serial_shops, shop, nicolae_shop_advertising_works
          [nicolae_subvault_shop_adworks], shop_statue, shop
D:3:      layout_loops_ring, grunt_temple_overflow_lords_of_destruction,
          nicolae_overflow_ecumenical_swirl, uniq_grinder, uniq_sigmund,
          uniq_crazy_yiuf_cottage
D:4:      layout_loops_corners, nicolae_dithmenos_through_a_glass_darkly,
          uniq_pikel, uniq_eustachio
D:5:      layout_basic
D:6:      layout_cave_pools, temple_doors_e, uniq_prince_ribbit1
D:7:      layout_loops_ring, lemuel_doored_altar, gammafunk_ghost_icy,
          nicolae_benzene_ring, uniq_maggie
D:8:      layout_basic, nicolae_overflow_crystal_walls, mrwooster_statue_mirror,
          chequers_serial_rivers_micro_b, minmay_misc_feat_rows,
          hangedman_decor_diamond_cutter, nicolae_transporter_circle
D:9:      layout_cave_pools, orc_david_3, uniq_psyche
Orc:1:    layout_caves, mines4_lemuel, uniq_sonja, uniq_josephine

Skill      XL: |  1  2  3  4  5  6  7  8  9 10 11 |
---------------+----------------------------------+-----
Axes           | 3 4 5 6 8 9 |  9.6
Fighting       | 4 5 7 8 10 11 12 | 12.1
Shields        | 4 5 7 9 10 11 | 11.1
Armour         | 4 5 6 7 8 |  8.2

Action                   |  1- 3 |  4- 6 |  7- 9 | 10-12 || total
-------------------------+-------+-------+-------+-------++-------
Melee: War axe           |   103 |    60 |   217 |       ||   380
       Broad axe         |       |       |   144 |       ||   144
       Hand axe          |       |       |    75 |   185 ||   260
       Unarmed           |       |       |       |    10 ||    10
Evoke: Wand              |       |       |     2 |     1 ||     3
  Use: Scroll            |     2 |       |     7 |     3 ||    12
       Potion            |       |       |     2 |       ||     2
Armor: Scale mail        |    47 |       |   118 |   103 ||   268
       Plate armour      |    29 |    41 |   174 |       ||   244
       Skin              |       |       |       |     5 ||     5
Dodge: Dodged            |    51 |    10 |   163 |   135 ||   359
Block: Buckler           |    22 |     6 |   129 |    53 ||   210

Table legend: (Time is in decaauts)
 A = Elapsed time spent in this place.
 B = Non-inter-level travel time spent in this place.
 C = Inter-level travel time spent in this place.
 D = Time resting spent in this place.
 E = Time spent auto-exploring this place.
 F = Levels seen in this place.
 G = Mean time per level.
                   A        B        C        D        E       F      G
               +--------+--------+--------+--------+--------+-----+--------+
         Total |  12006 |   9400 |   2606 |   2890 |   4380 |  10 | 1200.6 |
       Dungeon |  11988 |   9382 |   2606 |   2890 |   4380 |   9 | 1332.0 |
  Orcish Mines |     17 |     17 |      0 |      0 |      0 |   1 |   17.0 |
               +--------+--------+--------+--------+--------+-----+--------+

Top non-repeatable levels by time:
     D:7: 1973 daAuts
     D:4: 1919 daAuts
     D:3: 1518 daAuts
     D:6: 1268 daAuts
     D:5: 1213 daAuts
     D:1: 1196 daAuts
     D:9: 1143 daAuts
     D:8: 939 daAuts
     D:2: 814 daAuts
   Orc:1: 17 daAuts
